 Dungeon Crawl Stone Soup version 0.31-a0-148-gb92c8fe61f (webtiles) character file.

Game seed: 15866137725160841440

383 qw the Shooter (level 6, -8/57 HPs)
             Began as a Minotaur Hunter on June 7, 2023.
             Mangled by a gnoll
             ... wielding a +2 halberd of freezing
              (11 damage)
             ... on level 3 of the Dungeon.
             The game lasted 00:00:53 (1708 turns).

qw the Shooter (Minotaur Hunter)                    Turns: 1708, Time: 00:00:54

Health: -8/57      AC:  6    Str: 16    XL:     6   Next: 47%
Magic:  5/5        EV: 12    Int:  6    God:
Gold:   100        SH:  0    Dex: 17    Spells: 5/5 levels left

rFire   + . .        Y - +0 shortbow
rCold   . . .        (shield currently unavailable)
rNeg    + . .        c - +0 leather armour
rPois   .            (helmet restricted)
rElec   +            (no cloak)
rCorr   .            g - +2 pair of gloves
SInv    +            (no boots)
Will    .....        (no amulet)
Stlth   ++           b - ring of Epeun {rElec rF+ rN+ Dex+2 SInv}
HPRegen 0.29/turn    (no ring)
MPRegen 0.09/turn

%: no passive effects
@: no status effects
A: horns 2, retaliatory headbutt
a: no special abilities


You were on level 3 of the Dungeon.
You visited 1 branch of the dungeon, and saw 3 of its levels.

You collected 134 gold pieces.
You spent 34 gold pieces at shops.


Innate Abilities, Weirdness & Mutations

You have a pair of horns on your head.
You reflexively headbutt those who attack you in melee.


   Skills:
 - Level 6.1 Fighting
 + Level 6.7 Ranged Weapons
 - Level 1.2 Armour
 - Level 2.1 Dodging
 - Level 0.7 Stealth


You had 5 spell levels left.
You didn't know any spells.
Your spell library was empty.

Inventory:

Hand Weapons
 Y - a +0 shortbow (weapon)
Armour
 c - a +0 leather armour (worn)
 g - a +2 pair of gloves (worn)
Jewellery
 b - the ring of Epeun (left hand) {rElec rF+ rN+ Dex+2 SInv}
   (You found it on level 2 of the Dungeon)

   [ring of protection from fire]

   Dex:       It affects your dexterity (+2).
   rF:        It protects you from fire.
   rElec:     It insulates you from electricity.
   rN:        It protects you from negative energy.
   SInv:      It lets you see invisible.
Scrolls
 a - a scroll of identify
Potions
 i - a potion of resistance

Dungeon Overview and Level Annotations

Branches:
Dungeon (3/15)

Altars:
Wu Jian

Shops:
D:1 *


Message History

The gnoll hits you with a +0 flail.
The gnoll hits you from afar with a +3 spear.
You shoot an arrow. The arrow hits the gnoll.
The gnoll is heavily wounded.
The gnoll completely misses you. The gnoll closely misses you.
You shoot an arrow. The arrow hits the gnoll.
The gnoll is heavily wounded.
The gnoll hits you from afar with a +2 halberd of freezing.
The gnoll freezes you.
The gnoll hits you from afar with a +3 spear.
The gnoll misses you. The dart slug barely misses you. You furiously retaliate!
You headbutt the dart slug. You shoot an arrow. The arrow hits the gnoll.
The gnoll is almost dead.
The gnoll closely misses you. x2; The gnoll hits you with a +0 flail!
The dart slug closely misses you.
You shoot an arrow. The arrow hits the gnoll!
You kill the gnoll!
The gnoll hits you from afar with a +2 halberd of freezing!
The gnoll freezes you. The gnoll barely misses you.
The dart slug bites you but does no damage.
You shoot an arrow. The arrow hits the dart slug.
The dart slug is heavily wounded.
The gnoll hits you from afar with a +2 halberd of freezing.
The gnoll freezes you. The gnoll closely misses you.
The gnoll barely misses you.
The gnoll hits you from afar with a +3 spear.
You shoot an arrow. The arrow hits the dart slug!
You kill the dart slug!
The gnoll completely misses you. The gnoll misses you.
You shoot an arrow. The arrow closely misses the gnoll.
The gnoll closely misses you.
The gnoll hits you from afar with a +3 spear.
You shoot an arrow. The arrow hits the gnoll.
The gnoll is almost dead.
The gnoll misses you. The gnoll hits you but does no damage.
You shoot an arrow. The arrow hits the gnoll.
You kill the gnoll!
The gnoll hits you from afar with a +2 halberd of freezing!
You die...

#.............#
#.####........#
#..##.##### . #..##.>###
.. ##.####...# >..
#.......#.# ...
.#####.......#.### .. .
....##.......#.<.#g#....
.##.............@%).....
..............##).......
.##......%..............
.#............###.......
...###.##..(### ..#....
.#.##..##..... ..##...
.../.....>#.## ..# ###
...#..#####.# ...
......#


You could see a gnoll.

Vanquished Creatures
  Grinder (D:3)
  An ogre (D:2)
  2 gnolls (D:3)
  4 adders
  2 dart slugs
  2 worms (D:2)
  4 endoplasms
  3 giant cockroaches
  4 goblins
  6 hobgoblins
  6 jackals
  6 kobolds
  A quokka (D:3)
  5 ball pythons
  4 bats
  6 frilled lizards
  8 rats
65 creatures vanquished.

Notes
Turn   | Place    | Note
-------+----------+-------------------------------------------
     0 | D:1      | qw the Minotaur Hunter began the quest for the Orb.
     0 | D:1      | Reached XP level 1. HP: 18/18 MP: 0/0
     0 | D:1      | 0 ||| qw: Version: 0.2-a-117-gc6b5c8b
     0 | D:1      | 0 ||| qw: Game counter: 2551
     0 | D:1      | 0 ||| qw: Always use a shield: true
     0 | D:1      | 0 ||| qw: God list: Okawaru
     0 | D:1      | 0 ||| qw: Allow faded altars: false
     0 | D:1      | 0 ||| qw: Do Orc after D:15 true
     0 | D:1      | 0 ||| qw: Do second Lair branch before Depths: true
     0 | D:1      | 0 ||| qw: Lair rune preference: random
     0 | D:1      | 0 ||| qw: Plans: Normal
     0 | D:1      | 0 ||| PLANNING D:1-11
    76 | D:1      | 76 ||| FLEEEEING.
    77 | D:1      | 77 ||| FLEEEEING.
    78 | D:1      | 78 ||| FLEEEEING.
    79 | D:1      | 79 ||| FLEEEEING.
    82 | D:1      | Reached XP level 2. HP: 24/25 MP: 1/1
   142 | D:1      | 142 ||| FLEEEEING.
   234 | D:1      | Reached skill level 3 in Fighting
   315 | D:1      | Found Zobowiog's Assorted Antiques.
   324 | D:1      | 324 ||| BUYING black potion (17 gold).
   324 | D:1      | Bought a black potion for 17 gold pieces
   324 | D:1      | 324 ||| SHOPLISTING encrusted onyx ring (95 gold, have 34).
   324 | D:1      | 324 ||| BUYING lumpy amethyst potion (17 gold).
   324 | D:1      | Bought a lumpy amethyst potion for 17 gold pieces
   324 | D:1      | 324 ||| SHOPLISTING ring mail (76 gold, have 17).
   324 | D:1      | 324 ||| SHOPLISTING scroll labelled HOESTUA VUDGHES (19
                  | gold, have 17).
   324 | D:1      | 324 ||| SHOPLISTING scroll labelled ONECEBBOOCKA (19 gold,
                  | have 17).
   324 | D:1      | 324 ||| SHOPLISTING scroll labelled SONNUL CEODE (19 gold,
                  | have 17).
   365 | D:1      | Reached XP level 3. HP: 31/31 MP: 2/2
   583 | D:1      | 583 ||| UPGRADING to +0 pair of gloves.
   588 | D:1      | 588 ||| READING 4 scrolls labelled SONNUL CEODE.
   589 | D:1      | 589 ||| READING 2 scrolls labelled COHUCK WUTIQY.
   590 | D:1      | 590 ||| READING scroll labelled AGEZXY KONYEKH.
   591 | D:1      | 591 ||| READING scroll labelled DUEFAY ECZER.
   596 | D:1      | 596 ||| READING 3 scrolls of identify.
   596 | D:1      | 596 ||| IDENTIFYING black potion
   597 | D:1      | 597 ||| READING 2 scrolls of identify.
   597 | D:1      | 597 ||| IDENTIFYING lumpy amethyst potion
   598 | D:1      | 598 ||| DROPPING scroll of butterflies.
   599 | D:1      | 599 ||| DROPPING scroll of poison.
   600 | D:1      | 600 ||| DROPPING potion of berserk rage.
   633 | D:2      | 633 ||| READING scroll of enchant armour.
   633 | D:2      | 633 ||| ENCHANTING +0 pair of gloves.
   637 | D:2      | Found a faded altar of an unknown god.
   797 | D:2      | Noticed an ogre
   804 | D:2      | Killed an ogre
   805 | D:2      | Reached skill level 6 in Ranged Weapons
   805 | D:2      | Reached XP level 4. HP: 38/38 MP: 3/3
   806 | D:2      | Identified the ring of Epeun {rElec rF+ rN+ Dex+2 SInv}
  1133 | D:2      | Reached skill level 1 in Armour
  1133 | D:2      | Reached XP level 5. HP: 45/45 MP: 4/4
  1354 | D:2      | 1354 ||| UPGRADING to ring of Epeun {rElec rF+ rN+ Dex+2
                  | SInv}.
  1355 | D:2      | 1355 ||| READING 2 scrolls of identify.
  1355 | D:2      | 1355 ||| IDENTIFYING murky red potion
  1356 | D:2      | 1356 ||| DROPPING potion of degeneration.
  1405 | D:3      | Found an ornate altar of the Wu Jian Council.
  1550 | D:3      | Noticed Grinder
  1560 | D:3      | Paralysed by Grinder for 3 turns
  1573 | D:3      | Killed Grinder
  1574 | D:3      | Reached skill level 6 in Fighting
  1574 | D:3      | Reached XP level 6. HP: 31/57 MP: 5/5
  1684 | D:3      | 1684 ||| READING scroll of enchant armour.
  1684 | D:3      | 1684 ||| ENCHANTING +1 pair of gloves.
  1703 | D:3      | HP: 14/57 [gnoll/+2 halberd of freezing (4)]
  1704 | D:3      | HP: 6/57 [gnoll/+3 spear (6)]
  1706 | D:3      | HP: 2/57 [gnoll/+3 spear (5)]
  1708 | D:3      | Mangled by a gnoll

Levels and vault maps discovered:
D:1:      sevenhm_arrival_forest_fort_small_3, layout_basic, serial_shops, shop
D:2:      layout_basic, hellmonk_ecumenical_altar_lost_god
D:3:      layout_rooms, nzn_wu_jian_council_hall, uniq_grinder

Skill      XL: |  1  2  3  4  5 |
---------------+----------------+-----
Ranged Weapons | 5 6 |  6.7
Fighting       | 3 6 |  6.1
Armour         | 1 |  1.2
Dodging        | |  2.1
Stealth        | |  0.7

Action                     |  1- 3 |  4- 6 || total
---------------------------+-------+-------++-------
   Fire: Shortbow          |   114 |   101 ||   215
    Use: Scroll            |     7 |     2 ||     9
 Armour: Leather armour    |     8 |    12 ||    20
  Dodge: Dodged            |    33 |    31 ||    64

Table legend:
 A = Non-vault XP
 B = Vault XP
 C = Vault XP percentage of total XP
 D = Non-vault monster count
 E = Vault monster count
 F = Vault count percentage of total count
                 A         B        C        D         E       F
            +---------+---------+-------+---------+---------+-------
      Total |     296 |     267 |  47.4 |      64 |       1 |   1.5
            +---------+---------+-------+---------+---------+-------
        D:1 |      48 |       0 |   0.0 |      29 |       0 |   0.0
        D:2 |     176 |       0 |   0.0 |      23 |       0 |   0.0
        D:3 |      72 |     267 |  78.8 |      12 |       1 |   7.7
            +---------+---------+-------+---------+---------+-------
